Unix NetHack Version 5.0.0-0 post-release - last build May 31 2026 23:59:36 (970b52f25bf058293b47ddfd14a1e40e571c508c,branch:main).

Game began 2026-06-09 11:24:28, ended 2026-06-09 11:39:19.

GdeVolpiano, neutral female human Tourist

                                                                     ----
                                                                    --..|
                                                                    -..@.
                                                                    ...h.
                                                                    ..*.
                                                                    ..<*
                                                                     ...

GdeVolpiano the Sightseer   St:10 Dx:9 Co:18 In:13 Wi:11 Ch:15  Neutral
Dlvl:4  $:1891 HP:0(39) Pw:14(14) AC:0  Xp:4 T:1860  Deaf

Latest messages:
 Unlock it with your lock pick? [ynq] (q)
 It hits!
 You stop picking the lock.
 It touches you!
 In what direction?
 You kill it!
 It hits!
 In what direction?
 The dart misses.
 It misses!
 In what direction?
 You kill it!
 In what direction?
 The chest is locked.
 Unlock it with your lock pick? [ynq] (q)
 You succeed in picking the lock.
 In what direction?
 $ - 350 gold pieces (1891 in total).
 P - 2 fortune cookies.
 Q - a gem.
 Wait!  There's something there you can't see!
 Wait!  There's something there you can't see!
 You can see again.
 Winston drops a +2 dart.
 You attack thin air.
 a - a +2 dart (at the ready) (20 in total).
 Winston picks up a +2 dart.
 a - 2 +2 darts (at the ready) (22 in total).
 Winston drops a +2 dart.
 a - a +2 dart (at the ready) (23 in total).
 You descend the stairs.
 Winston drops a rock.
 In what direction?
 The dart hits the gnome.
 Winston drops a rock.
 Winston bites the gnome.
 The gnome is killed!
 Winston eats a gnome corpse.
 You swap places with Winston.
 a - a +2 dart (at the ready) (23 in total).
 #
 You are hit by a stout spear!
 R - a stout spear.
 The dwarf wields a broad short sword!
 In what direction?
 The dart misses the dwarf.
 The dwarf thrusts her broad short sword.
 The dwarf hits!
 You die...
 Do you want your possessions identified? [ynq] (y)

Inventory:
 Coins    ('$')
  $ - 1891 gold pieces
 Weapons  (')')
  a - 22 +2 darts (at the ready)
  M - a +0 dart
  R - a +0 dwarvish spear
  N - a cursed +0 silver dagger
 Armor    ('[')
  o - an uncursed +0 orcish helm (being worn)
  J - an uncursed +0 pair of iron shoes (being worn)
  F - an uncursed +1 dwarvish cloak (being worn)
  u - an uncursed +0 banded mail (being worn)
 Comestibles  ('%')
  b - 7 uncursed food rations
  P - 2 uncursed fortune cookies
 Scrolls  ('?')
  p - an uncursed scroll of create monster
  s - an uncursed scroll of identify
 Potions  ('!')
  L - an uncursed potion of object detection
 Wands    ('/')
  H - a wand of striking (0:4)
 Tools    ('(')
  G - an empty uncursed oilskin sack
  j - an expensive camera (0:90)
  k - an uncursed lock pick
  C - an uncursed towel
 Gems/Stones  ('*')
  O - an uncursed worthless piece of blue glass
  Q - an uncursed worthless piece of green glass

GdeVolpiano the Tourist's attributes:

Background:
 You were a Sightseer, a level 4 female human Tourist.
 You were neutral, nominally on a mission for The Lady
 who was opposed by Blind Io (lawful) and Offler (chaotic).
 You were right-handed.
 You were in the Gnomish Mines, on level 4.
 You entered the dungeon 1860 turns ago.
 You had 126 experience points, 34 more were needed to attain level 5.

Basics:
 You had 0 out of 39 hit points.
 You had all 14 energy points (spell power).
 Your armor class was 0.
 Your wallet contained 1891 zorkmids.
 Autopickup was on for '$?!/="+' plus thrown, with exceptions.

Final Characteristics:
 Your strength was 10 (limit:18/100).
 Your dexterity was 9 (limit:18).
 Your constitution was 18 (limit:18).
 Your intelligence was 13 (limit:18).
 Your wisdom was 11 (limit:18).
 Your charisma was 15 (limit:18).

Final Status:
 You were deaf.
 You weren't hungry.
 You were unencumbered.
 You were bare handed.
 You were unskilled in bare handed combat.

Final Attributes:
 You were fervently aligned.
 Your items were somewhat protected from fire.
 Your items were somewhat protected from cold.
 You were warded.
 Your spell casting was impaired by metallic armor.
 You are dead.

Miscellaneous:
 You didn't encounter any bones levels.
 Total elapsed playing time was 14 minutes and 49 seconds.

Major events:
 Turn
    1: GdeVolpiano the neutral female human Tourist entered the dungeon
  677: entered the Gnomish Mines
 1079: attained the rank of Sightseer (level 3)
 1860: killed by a dwarf

Spells:
 Name                 Level Category     Fail Retention
 jumping                1   escape       100%  76%-100%
 wizard lock            2   matter       100%  76%-100%
 detect monsters        1   divination   100%  76%-100%

Skills:
 Fighting Skills
   bare handed combat [Unskilled]
   two weapon combat  [Unskilled]
   riding             [Unskilled]
 Weapon Skills
   dagger             [Unskilled]
   knife              [Unskilled]
   axe                [Unskilled]
   pick-axe           [Unskilled]
   short sword        [Unskilled]
   broadsword         [Unskilled]
   long sword         [Unskilled]
   two-handed sword   [Unskilled]
   saber              [Unskilled]
   mace               [Unskilled]
   morning star       [Unskilled]
   flail              [Unskilled]
   hammer             [Unskilled]
   quarterstaff       [Unskilled]
   polearms           [Unskilled]
   spear              [Unskilled]
   trident            [Unskilled]
   lance              [Unskilled]
   bow                [Unskilled]
   sling              [Unskilled]
   crossbow           [Unskilled]
   dart               [Basic]
   shuriken           [Unskilled]
   boomerang          [Unskilled]
   whip               [Unskilled]
   unicorn horn       [Unskilled]
 Spellcasting Skills
   divination spells  [Unskilled]
   enchantment spells [Unskilled]
   escape spells      [Unskilled]

Voluntary challenges:
 Character rerolling was not enabled.
 You were an atheist.
 You never hit with a wielded weapon.
 You never genocided any monsters.
 You never polymorphed an object.
 You never changed form.
 You used no wishes.
Achievements:
 You entered the Gnomish Mines.
 You entered a shop.
 You attained the rank of Sightseer.

 The Dungeons of Doom: levels 1 to 3
    Level 1: "vault"
       Many fountains.
    Level 2:
       A tool shop, a fountain.
       Stairs down to The Gnomish Mines.
    Level 3:
 The Gnomish Mines: levels 3 to 4
    Level 3:
    Level 4: <- You were here.
       Final resting place for
          you, killed by a dwarf.


Vanquished creatures:
  a gnome leader
  2 dwarves
  a wererat
  3 coyotes
  2 hobbits
  a giant rat
  a yellow mold
  a red mold
 12 gnomes
  a gecko
  5 jackals
  2 kobolds
  a goblin
  6 sewer rats
  a bat
  3 lichens
  a kobold zombie
  3 newts
47 creatures vanquished.

No species were genocided or became extinct.

Game over:
                       ----------
                      /          \
                     /    REST    \
                    /      IN      \
                   /     PEACE      \
                  /                  \
                  |   GdeVolpiano    |
                  |     1891 Au      |
                  |   killed by a    |
                  |      dwarf       |
                  |                  |
                  |                  |
                  |       2026       |
                 *|     *  *  *      | *
        _________)/\\_//(\/(/\)/\//\/|_)_______

Aloha GdeVolpiano the Tourist...

You died in The Gnomish Mines on dungeon level 4 with 1631 points,
and 1891 pieces of gold, after 1860 moves.
You were level 4 with a maximum of 39 hit points when you died.

